 Dungeon Crawl Stone Soup version 0.17.1-3-g152610e (webtiles) character file.

1608 kaze the Covered (level 8, -2/64 HPs)
             Began as a Demonspawn Berserker on Apr 9, 2016.
             Was an Elder of Trog.
             Slain by an orc warrior
             ... wielding a +0 bardiche
              (17 damage)
             ... in a bailey.
             The game lasted 00:13:40 (8349 turns).

kaze the Covered (Demonspawn Berserker)             Turns: 8349, Time: 00:13:40

Health: -2/64      AC: 11    Str: 23    XL:     8   Next: 63%
Magic:  8/8        EV:  5    Int:  8    God:    Trog [****..]
Gold:   252        SH: 16    Dex: 14    Spells: 0 memorised, 7 levels left

rFire  + . .     SeeInvis .     d - +2 war axe "Ycuxt" {chop, rF+ Str+4}
rCold  . . .     Clarity  .     h - +0 chain mail
rNeg   . . .     SustAt   .     g - +2 large shield
rPois  .         Gourm    .     (no helmet)
rElec  .         Spirit   .     s - +0 cloak
rCorr  .         Warding  .     (no gloves)
rMut   .         Stasis   .     (no boots)
MR     .....                    (no amulet)
Stlth  ..........               (no ring)
                                (no ring)

@: not resistant to hostile enchantments, extremely unstealthy
A: talons 2, demonic guardian 2, nightstalker 1
a: Berserk, Trog's Hand, Brothers in Arms, Burn Spellbooks, Renounce Religion


You were in a bailey.
You worshipped Trog.
Trog was greatly pleased with you.
You were not hungry.

You visited 1 branch of the dungeon, and saw 7 of its levels.
You also visited: Ossuary and Bailey.

You collected 252 gold pieces.

Inventory:

Hand Weapons
 a - a +0 spear
 d - the +2 war axe "Ycuxt" (weapon) {chop, rF+ Str+4}
   (You found it on level 6 of the Dungeon)

   It inflicts extra damage upon your enemies.
   It affects your strength (+4).
   It protects you from fire.
Armour
 b - a +0 animal skin
 g - a +2 large shield (worn)
 h - a +0 chain mail (worn)
 s - a +0 cloak (worn)
Wands
 p - a wand of confusion (22)
 F - a wand of draining (6)
 G - a wand of random effects (29)
Scrolls
 i - a scroll of noise {unknown}
 m - 8 scrolls of identify {unknown}
 n - a scroll of fog {unknown}
 o - 3 scrolls of blinking {unknown}
 u - 2 scrolls of amnesia {unknown}
 v - 2 scrolls of teleportation {unknown}
 x - 2 scrolls of magic mapping
 y - 6 scrolls of remove curse
 C - a scroll of recharging {unknown}
 D - a scroll of fear {unknown}
 E - a scroll of enchant armour {unknown}
Potions
 e - a potion of curing
 j - a potion of brilliance {unknown}
 k - 2 potions of heal wounds {unknown}
 l - a potion of degeneration {unknown}
 q - 2 potions of flight {unknown}
 r - a potion of mutation {unknown}
 t - 4 potions of poison {unknown}
 w - a potion of invisibility {unknown}
 z - a potion of lignification {unknown}
 A - a potion of magic {unknown}
 B - a potion of agility {unknown}
Comestibles
 c - 3 bread rations
 f - 3 meat rations


   Skills:
 + Level 5.7 Fighting
 + Level 1.5(3.5) Axes
 + Level 5.1(5.2) Polearms
 + Level 5.8 Armour
 + Level 4.1 Dodging
 + Level 1.6 Stealth
 + Level 2.4 Shields


You had 7 spell levels left.
You didn't know any spells.

Dungeon Overview and Level Annotations

Branches:
Dungeon (7/15)             Temple (0/1) D:6

Altars:
Dithmenos
Fedhas
Nemelex Xobeh
Okawaru
Ru
Vehumet
Xom
Yredelemnul

Shops:
D:6 *


Innate Abilities, Weirdness & Mutations

You have razor-sharp toenails.
A demonic guardian rushes to your aid.
You are slightly more attuned to the shadows.


Message History

The orc hits you but does no damage.
Found a gate leading back out of this place.
You block the orc's attack.
The orc hits you from afar with a halberd.
You block the orc's attack. The orc barely misses you.
The orc warrior shouts!
The orc hits you from afar with a halberd.
The orc warrior shouts!
You block the orc's attack. The orc completely misses you.
The orc hits you but does no damage.
There is a gate leading back out of this place here.
You block the orc warrior's attack. You block the orc warrior's attack.
You block the orc warrior's attack.
The orc warrior hits you from afar with a bardiche!!
* * * LOW HITPOINT WARNING * * *
The orc hits you from afar with an enchanted halberd.
* * * LOW HITPOINT WARNING * * *
The orc warrior hits you from afar with a bardiche!
You die...

##########.
#...@......
#.≈≈≈≈≈≈≈≈≈
#.≈oo......
#.≈o#######
#.≈.##o..
#.≈..##...
#.≈≈o.##.#
##.≈≈..#
#∩.≈≈..#


You could see 2 orc warriors and 2 orcs.

Vanquished Creatures
  The ghost of kaze the Skirmisher, an amateur DsBe of Trog (D:3)
  An ogre (D:7)
  3 centaurs
  A giant frog (D:6)
  3 scorpions
  A crimson imp (D:7)
  6 orc wizards
  4 orc priests
  A jelly (D:5)
  2 hounds
  6 worker ants
  A killer bee zombie (D:6)
  7 big kobold zombies (Ossuary)
  A mummy (Ossuary)
  10 adders
  A shadow imp (D:5)
  A worm (D:2)
  2 adder skeletons (D:5)
  7 giant geckos
  14 orcs
  2 spectral bats (Ossuary)
  8 goblins
  7 hobgoblins
  6 jackals
  5 kobolds
  4 quokkas
  A ball python (D:1)
  9 bats
  5 bat simulacra (Ossuary)
  5 giant cockroaches
  A giant gecko skeleton (D:6)
  3 giant newts
  5 gnoll zombies (Ossuary)
  5 goblin simulacra (Ossuary)
  A goblin zombie (Ossuary)
  8 hobgoblin zombies (Ossuary)
  5 kobold zombies (Ossuary)
  4 orc zombies (Ossuary)
  11 rats
  4 rat simulacra (Ossuary)
  A spectral goblin (Ossuary)
  8 spectral kobolds (Ossuary)
181 creatures vanquished.

Vanquished Creatures (collateral kills)
  An orc priest (D:5)
  Jessica (D:2)
  A worker ant (D:6)
  An iguana (D:6)
  An orc wizard (D:3)
  An adder (D:3)
  2 orcs
  A quokka (D:6)
  A goblin (D:2)
10 creatures vanquished.

Grand Total: 191 creatures vanquished

Notes
Turn   | Place    | Note
--------------------------------------------------------------
     0 | D:1      | kaze the Demonspawn Berserker began the quest for the Orb.
     0 | D:1      | Reached XP level 1. HP: 18/18 MP: 1/1
   481 | D:1      | Gained mutation: A weak demonic guardian rushes to your aid. [demonic ancestry]
   481 | D:1      | Reached XP level 2. HP: 24/24 MP: 2/2
   872 | D:2      | Found an iron altar of Okawaru.
   999 | D:2      | Noticed Jessica
  1006 | D:2      | Reached ** piety under Trog
  1013 | D:2      | Killed Jessica
  1013 | D:2      | Reached XP level 3. HP: 29/29 MP: 3/3
  1476 | D:2      | You fall through a shaft!
  1532 | D:3      | Noticed kaze's ghost (amateur DsBe)
  1543 | D:3      | Killed kaze's ghost
  1543 | D:3      | Reached skill level 4 in Fighting
  1543 | D:3      | Gained mutation: You have sharp toenails. [demonic ancestry]
  1543 | D:3      | Reached XP level 4. HP: 37/37 MP: 4/4
  1543 | D:3      | Gained mutation: You are slightly more attuned to the shadows. [demonic ancestry]
  1543 | D:3      | Reached XP level 5. HP: 42/42 MP: 5/5
  1629 | D:3      | Reached skill level 1 in Stealth
  1893 | D:3      | Reached *** piety under Trog
  2512 | D:4      | Found a basalt altar of Yredelemnul.
  2629 | D:4      | Found a sacrificial altar of Ru.
  2705 | D:4      | Gained mutation: You have razor-sharp toenails. [demonic ancestry]
  2705 | D:4      | Reached XP level 6. HP: 22/48 MP: 6/6
  3118 | D:4      | Found a sparkling altar of Nemelex Xobeh.
  3595 | D:5      | Entered Level 5 of the Dungeon
  3874 | D:5      | Reached XP level 7. HP: 16/55 MP: 7/7
  5194 | D:5      | Found a shadowy altar of Dithmenos.
  5848 | D:5      | Found a radiant altar of Vehumet.
  5850 | D:5      | Found a shimmering altar of Xom.
  6128 | D:6      | Reached skill level 5 in Fighting
  6173 | D:6      | Found a sand-covered staircase.
  6226 | Ossuary  | Entered an ossuary
  6838 | Ossuary  | Reached skill level 5 in Armour
  7242 | D:6      | Got a crude war axe
  7251 | D:6      | Identified the +2 war axe "Ycuxt" {chop, rF+ Str+4} (You found it on level 6 of the Dungeon)
  7286 | D:6      | Gained mutation: A demonic guardian rushes to your aid. [demonic ancestry]
  7286 | D:6      | Reached XP level 8. HP: 55/62 MP: 8/8
  7356 | D:6      | Found a blossoming altar of Fedhas.
  7460 | D:6      | Reached skill level 5 in Polearms
  7479 | D:6      | Found a staircase to the Ecumenical Temple.
  7504 | D:6      | Found Fix Hivy's Assorted Antiques.
  7528 | D:6      | Reached skill level 1 in Shields
  8178 | D:7      | Reached skill level 1 in Axes
  8216 | D:7      | Reached **** piety under Trog
  8256 | D:7      | Found a flagged portal.
  8265 | Bailey   | Entered a bailey
  8349 | Bailey   | Slain by an orc warrior

Action                   |  1- 3 |  4- 6 |  7- 9 || total
-------------------------+-------+-------+-------++-------
Melee: Spear             |   159 |   200 |   501 ||   860
       War axe           |       |       |    99 ||    99
Invok: Berserk           |     1 |     2 |     3 ||     6
       Trog's Hand       |       |     1 |     1 ||     2
  Use: Scroll            |     2 |       |       ||     2
       Potion            |       |       |     1 ||     1
 Stab: Sleeping          |     1 |       |       ||     1
       Distracted        |       |       |     1 ||     1
  Eat: Royal jelly       |     1 |       |     1 ||     2
       Fruit             |       |     3 |       ||     3
       Bread ration      |       |     3 |     1 ||     4
       Chunk             |       |     2 |       ||     2
       Beef jerky        |       |       |     1 ||     1
       Meat ration       |       |       |     1 ||     1
